 Dungeon Crawl Stone Soup version 0.29-a0-717-g6dac4ea423 (webtiles) character file.

Game seed: 4334875500411423248

63 YayAnonymity the Cudgeller (level 3, -6/35 HPs)
             Began as a Troll Gladiator on June 27, 2022.
             Killed from afar by Terence (25 damage)
             ... with a bolt of light
             ... on level 2 of the Dungeon.
             The game lasted 00:01:43 (1084 turns).

YayAnonymity the Cudgeller (Troll Gladiator)        Turns: 1084, Time: 00:01:44

Health: -6/35      AC:  4    Str: 24    XL:     3   Next: 89%
Magic:  2/2        EV: 10    Int:  4    God:
Gold:   53         SH:  0    Dex: 11    Spells: 2/2 levels left

rFire   . . .      SeeInvis +   (no weapon)
rCold   . . .      Faith    .   (no shield)
rNeg    . . .      Spirit   .   b - +0 robe
rPois   .          Reflect  .   c - +0 hat
rElec   .          Harm     .   (no cloak)
rCorr   .          Rampage  .   (gloves unavailable)
Will    .....                   (boots unavailable)
Stlth   +.........              (no amulet)
HPRegen 0.91/turn               i - ring of see invisible
MPRegen 0.08/turn               (no ring)

@: no status effects
A: large, unfitting armour, claws 3, regeneration 1, shaggy fur 1, tough skin 1
a: no special abilities


You were on level 2 of the Dungeon.
You visited 1 branch of the dungeon, and saw 2 of its levels.

You collected 53 gold pieces.

Inventory:

Hand Weapons
 a - a +0 flail
Missiles
 d - 2 throwing nets (quivered)
 e - a large rock
 f - 6 poisoned darts
Armour
 b - a +0 robe (worn)
 c - a +0 hat (worn)
Jewellery
 i - a ring of see invisible (left claw)
Scrolls
 g - a scroll of noise {unknown}
 h - a scroll of fog {unknown}
 j - a scroll of enchant armour {unknown}


   Skills:
 + Level 2.0 Fighting
 * Level 3.4 Maces & Flails
 + Level 2.3 Throwing
 + Level 2.8 Dodging


You had 2 spell levels left.
You didn't know any spells.
Your spell library contained the following spells:

 Spells                   Type           Power      Damage    Failure   Level
 Necrotize                Necr           0%         1d4       50%         1
 Summon Small Mammal      Summ           0%         N/A       50%         1
 Poisonous Vapours        Pois/Air       0%         N/A       65%         2
 Call Canine Familiar     Summ           0%         N/A       86%         3
 Summon Guardian Golem    Hex/Summ       0%         N/A       86%         3
 Vampiric Draining        Necr           0%         2d6       86%         3
 Corpse Rot               Necr/Pois/Air  0%         N/A       99%         4
 Agony                    Necr           0%         N/A       100%        5


Dungeon Overview and Level Annotations

Branches:
Dungeon (2/15)

Altars:

Annotations:
D:2 Terence


Innate Abilities, Weirdness & Mutations

You are too large for most types of armour.
You have claws for hands.
Your natural rate of healing is unusually fast.
You are covered in fur. (AC +1)
You have tough skin. (AC +1)


Message History

Ouch! That really hurt!
You are too injured to fight recklessly!
You are too injured to fight recklessly!
You are too injured to fight recklessly!
You are too injured to fight recklessly!
You are too injured to fight recklessly!
You aren't carrying any potions.
Non-targeted confused throw: 3 throwing nets
Press: ? - help, Q - select action, (/) - cycle Dir - look around, f - activate Look: Terence, wielding a +0 short sword, wearing a +0 ring mail and carrying a wand of light (12)
Okay, then.
You're too confused to move!
Terence barely misses you. Terence attacks as you move away!
Terence hits you with a +0 short sword.
You aren't carrying any potions.
You're too confused to move!
You feel less confused.
The giant cockroach waves its antennae.
The giant cockroach bites you but does no damage.
The giant cockroach bites you. Terence shouts, "Now you die!"
You claw the giant cockroach!
You kill the giant cockroach!
Terence says, "How do you enjoy it?"
You claw the endoplasm!
You kill the endoplasm!
You aren't carrying any potions.
Throw: 3 throwing nets
Press: ? - help, Q - select action, (/) - cycle Shift-Dir - straight line, f - Terence
Aim: Terence, wielding a +0 short sword, wearing a +0 ring mail and carrying a wand of light (12) (61% to hit)
You throw a throwing net. The throwing net hits Terence.
Terence is caught in the net!
You strike the helpless Terence from behind!
You scratch Terence.
Terence is lightly wounded.
Terence struggles against the net.
You claw Terence!
Terence is moderately wounded.
Terence zaps a wand.
The bolt of light hits you!!
Ouch! That really hurt!
You die...

..## #.#.# #..## ..#
#.#.###..## ..# #..........
..# ####.#........ #.#
#...........## #######.#
#.##..#.##..# ........# #
#..#.##..# #@# .##..#.##..##
#######@#..P8#..#.##....
#........P...#.....#.###
#.#####....8.......#.#
#.#####..[.8.#..8....#
#######.......##...#.....[.#
........########..##.....#.#
............# #...........#
#######.###.####.####....#.###
#..........###..........


You could see Terence (caught).

Vanquished Creatures
  An adder (D:2)
  An adder zombie (D:2)
  An adder skeleton (D:2)
  A worm (D:2)
  5 endoplasms
  4 giant cockroaches
  2 goblins (D:1)
  8 hobgoblins (D:1)
  2 quokkas (D:1)
  5 ball pythons
  A ball python skeleton (D:2)
  4 bats (D:1)
  2 frilled lizards (D:1)
  A giant cockroach zombie (D:2)
  A quokka zombie (D:2)
  A rat (D:1)
40 creatures vanquished.

Notes
Turn   | Place    | Note
-------+----------+-------------------------------------------
     0 | D:1      | YayAnonymity the Troll Gladiator began the quest for the
                  | Orb.
     0 | D:1      | Reached XP level 1. HP: 19/19 MP: 0/0
   103 | D:1      | Reached XP level 2. HP: 27/28 MP: 1/1
   128 | D:1      | Reached skill level 3 in Maces & Flails
   464 | D:1      | Reached XP level 3. HP: 31/35 MP: 2/2
   600 | D:1      | Found a faded altar of an unknown god.
  1074 | D:2      | Noticed Terence
  1084 | D:2      | Killed from afar by Terence

Illustrated notes

Levels and vault maps discovered:
D:1:      scummos_arrival_simple_fountains, layout_loops_ring,
          nicolae_ecumenical_snake_handling, chequers_arboretum,
          chequers_hall_statues_corner_a
D:2:      minmay_roachtagon, layout_loops_ring, serial_undead, serial_undead_d,
          serial_undead_d, serial_undead_d, serial_undead_c, uniq_terence

Skill      XL: |  1  2  3 |
---------------+----------+-----
Maces & Flails | 3 |  3.4
Throwing       | 2 |  2.3
Fighting       | 2 |  2.0
Dodging        | |  2.8

Action                   || total
-------------------------++-------
Melee: Flail             ||    33
       Unarmed           ||    92
       Punch             ||     1
Throw: Throwing net      ||     1
 Stab: Held in net/web   ||     1
       Sleeping          ||     1
Armor: Robe              ||    42
Dodge: Dodged            ||    60

Table legend: (Time is in decaauts)
 A = Elapsed time spent in this place.
 B = Non-inter-level travel time spent in this place.
 C = Inter-level travel time spent in this place.
 D = Time resting spent in this place.
 E = Time spent auto-exploring this place.
 F = Levels seen in this place.
 G = Mean time per level.
                   A        B        C        D        E       F      G
               +--------+--------+--------+--------+--------+-----+--------+
         Total |   1091 |   1058 |     33 |      0 |    797 |   2 |  545.5 |
       Dungeon |   1091 |   1058 |     33 |      0 |    797 |   2 |  545.5 |
               +--------+--------+--------+--------+--------+-----+--------+

Top non-repeatable levels by time:
     D:1: 826 daAuts
     D:2: 264 daAuts
